 Dungeon Crawl Stone Soup version 0.29-a0-700-g2f1814c7b2 (webtiles) character file.

Game seed: 15649100209169970831

1852 gobodom the Geomancer (level 9, -1/47 HPs)
             Began as a Gargoyle Earth Elementalist on June 26, 2022.
             Slain by a gnoll sergeant
             ... wielding a +3 trident of freezing
              (11 damage)
             ... on level 7 of the Dungeon.
             The game lasted 00:26:25 (7089 turns).

gobodom the Geomancer (Gargoyle Earth Elementalist) Turns: 7089, Time: 00:26:25

Health: -1/47      AC: 15    Str: 13    XL:     9   Next: 12%
Magic:  16/18      EV: 12    Int: 19    God:
Gold:   385        SH:  0    Dex: 10    Spells: 17/21 levels left

rFire   . . .      SeeInvis .   E - +3 short sword (venom)
rCold   . . .      Faith    .   (no shield)
rNeg    + . .      Spirit   .   a - +0 robe
rPois   ∞          Reflect  .   g - +0 helmet
rElec   +          Harm     .   A - +0 cloak
rCorr   .          Rampage  .   m - +1 pair of gloves
Will    .....                   J - +2 pair of boots
Stlth   ++........              (no amulet)
HPRegen 0.15/turn               s - +4 ring of slaying
MPRegen 0.16/turn               t - ring of wizardry

@: no status effects
A: sickness immunity, AC +6, negative energy resistance 1, electricity
resistance, torment resistance 1, petrification resistance
a: no special abilities


You were on level 7 of the Dungeon.
You visited 1 branch of the dungeon, and saw 7 of its levels.

You collected 385 gold pieces.

Inventory:

Hand Weapons
 h - a +4 dagger of electrocution
 D - a +0 short sword of holy wrath
 E - a +3 short sword of venom (weapon)
 K - the +1 flail "Goblinbane" {speed, rN++}
   (You found it on level 6 of the Dungeon)

   Attacks with this weapon are significantly faster.
   rN:        It greatly protects you from negative energy.
Missiles
 H - a throwing net
Armour
 a - a +0 robe (worn)
 g - a +0 helmet (worn)
 m - a +1 pair of gloves (worn)
 A - a +0 cloak (worn)
 J - a +2 pair of boots (worn)
Magical Staves
 d - a staff of poison
Jewellery
 i - an amulet of faith
 s - a +4 ring of slaying (left hand)
 t - a ring of wizardry (right hand)
 v - a ring of protection from cold
 y - a +6 ring of dexterity
 B - a +4 ring of protection
 F - a +4 ring of evasion
 I - a ring of flight
 L - a ring of ice
 O - a +4 ring of evasion
Wands
 z - a wand of flame (5)
 C - a wand of iceblast (9)
Scrolls
 e - 2 scrolls of blinking
 j - a scroll of fog
 o - a scroll of fear {unknown}
 p - a scroll of vulnerability {unknown}
 u - 5 scrolls of teleportation
 x - a scroll of poison {unknown}
 G - a scroll of magic mapping {unknown}
 M - 2 scrolls of amnesia {unknown}
 N - 3 scrolls of brand weapon {unknown}
 P - a scroll of identify
Potions
 b - 2 potions of magic
 c - 3 potions of lignification
 f - 3 potions of berserk rage
 k - a potion of might
 l - a potion of mutation
 n - a potion of heal wounds {unknown}
 q - 2 potions of ambrosia
 r - 3 potions of brilliance
 w - a potion of curing


   Skills:
 + Level 1.4 Fighting
 + Level 1.6 Short Blades
 + Level 2.2 Dodging
 + Level 3.7 Stealth
 + Level 6.6 Spellcasting
 + Level 4.6 Conjurations
 + Level 0.7 Transmutations
 + Level 8.9 Earth Magic


You had 17 spell levels left.
You knew the following spells:

 Your Spells              Type           Power      Damage    Failure   Level
a - Sandblast             Erth           80%        2d17      1%          1
b - Stone Arrow           Conj/Erth      64%        3d11      1%          3

Your spell library contained the following spells:

 Spells                   Type           Power      Damage    Failure   Level
 Passwall                 Tmut/Erth      20%        N/A       1%          2
 Apportation              Tloc           12%        N/A       4%          1
 Necrotize                Necr           24%        1d5       4%          1
 Summon Small Mammal      Summ           24%        N/A       4%          1
 Petrify                  Tmut/Erth      24%        N/A       6%          4
 Animate Armour           Summ/Erth      46%        N/A       7%          4
 Lehudib's Crystal Spear  Conj/Erth      16%        10d5      100%        8


Dungeon Overview and Level Annotations

Branches:
Dungeon (7/15)             Temple (0/1) D:5

Altars:
Ru
Uskayaw
The Shining One

Shops:
D:6 =


Innate Abilities, Weirdness & Mutations

You are immune to sickness and miasma.
Your stone body is resilient. (AC +6)
You are immune to poison.
You resist negative energy. (rN+)
You are resistant to electric shocks. (rElec)
You are resistant to unholy torment.
You are immune to petrification.


Message History

Aim: a jackal (79% to hit)
The blast of sand hits the jackal!
You kill the jackal!
The gnoll sergeant closely misses you. The gnoll hits you but does no damage.
The gnoll shaman calls upon its god to speed up the gnoll.
The gnoll seems to speed up.
The gnoll shaman hits you with a +0 club!
The gnoll sergeant barely misses you. The gnoll hits you but does no damage.
The gnoll shaman calls upon its god to heal the gnoll sergeant.
The gnoll sergeant is healed somewhat.
Casting: Sandblast (safe; 1% risk of failure)
Confirm with . or Enter, or press ? or * to list all spells.
Aiming: Sandblast (safe; 1% risk of failure)
Press: ? - help, Shift-Dir - straight line, f - gnoll shaman
Aim: a gnoll shaman, wielding a +0 club and wearing a +0 robe (85% to hit)
The blast of sand hits the gnoll shaman!
The gnoll shaman is severely wounded.
The gnoll hits you but does no damage.
Casting: Sandblast (safe; 1% risk of failure)
Confirm with . or Enter, or press ? or * to list all spells.
Aiming: Sandblast (safe; 1% risk of failure)
Press: ? - help, Shift-Dir - straight line, f/p - gnoll shaman
Aim: a gnoll shaman, wielding a +0 club and wearing a +0 robe (severely wounded, 85% to hit)
The blast of sand hits the gnoll shaman.
The gnoll shaman is almost dead.
The gnoll sergeant hits you from afar with a +3 trident of freezing.
The gnoll sergeant freezes you.
The gnoll shaman calls upon its god to speed up the gnoll sergeant.
The gnoll sergeant seems to speed up.
The gnoll sergeant hits you but does no damage.
The gnoll shaman calls upon its god to heal the gnoll sergeant.
The gnoll sergeant's wounds heal themselves!
The gnoll sergeant closely misses you. The ogre attacks as you move away!
The ogre hits you with a +0 giant club!
* * * LOW HITPOINT WARNING * * *
The ogre attacks as you move away! The ogre hits you with a +0 giant club.
* * * LOW HITPOINT WARNING * * *
The gnoll sergeant barely misses you.
The gnoll sergeant hits you from afar with a +3 trident of freezing!
You die...

#..............# #........
#......g†.(....# #........
#.g.#≈≈≈≈≈≈....# #...#....
#.8.#(.....#.....
#...####. #...########
!... #.#..# ###.g######
.O. #.#..# #...g...## s.
##)#.##
####.g#..############....#
##..g..Og.@...........#
#.....#..#....#####......
###.#<.........# ##...#.
#....#.....##.# ...##
#......##...# ..# ...#
........##...#


PPPP PP.P #...##...###..# P.... .... #..# ##..# #.## .PPP You could see an ogre,
a gnoll sergeant (fast) and a gnoll shaman.

Vanquished Creatures
  A water moccasin (D:5)
  A sky beast (D:6)
  2 black bears
  3 ice beasts
  2 centaurs
  A phantom (D:4)
  A kobold brigand (D:5)
  A bullfrog (D:6)
  A necrophage (D:6)
  A scorpion (D:7)
  3 jellies
  A howler monkey (D:5)
  A quasit (D:7)
  4 hounds
  A gnoll shaman (D:5)
  3 iguanas
  15 gnolls
  5 adders
  A shadow imp (D:7)
  A white imp (D:7)
  An ufetubus (D:6)
  A worm (D:2)
  3 dart slugs
  5 orcs
  6 bats
  7 endoplasms
  3 giant cockroaches
  5 goblins
  4 hobgoblins
  9 jackals
  3 quokkas
  4 ball pythons
  2 goblin zombies (D:7)
  4 hobgoblin zombies (D:7)
  8 kobolds
  A kobold skeleton (D:7)
  A kobold zombie (D:7)
  3 orc zombies (D:7)
  4 rats
123 creatures vanquished.

Vanquished Creatures (others)
  2 fungi (D:2)
  A plant (D:2)
3 creatures vanquished.

Grand Total: 126 creatures vanquished

Notes
Turn   | Place    | Note
-------+----------+-------------------------------------------
     0 | D:1      | gobodom the Gargoyle Earth Elementalist began the quest for
                  | the Orb.
     0 | D:1      | Reached XP level 1. HP: 10/10 MP: 3/3
   326 | D:1      | Reached skill level 4 in Earth Magic
   389 | D:1      | Reached XP level 2. HP: 15/15 MP: 3/5
  1413 | D:2      | Reached XP level 3. HP: 19/19 MP: 3/6
  1805 | D:2      | Found a faded altar of an unknown god.
  1849 | D:2      | Reached XP level 4. HP: 17/24 MP: 3/8
  1857 | D:2      | HP: 1/24 [gnoll/+0 club (7)]
  2508 | D:3      | Found a hide-covered altar of Uskayaw.
  2511 | D:3      | Found a sacrificial altar of Ru.
  3049 | D:3      | Learned a level 3 spell: Stone Arrow
  3050 | D:4      | Noticed a phantom
  3057 | D:4      | Killed a phantom
  3058 | D:4      | Reached skill level 5 in Earth Magic
  3058 | D:4      | Reached XP level 5. HP: 26/28 MP: 2/10
  3280 | D:4      | Reached XP level 6. HP: 28/32 MP: 5/11
  3359 | D:4      | Reached skill level 6 in Earth Magic
  3720 | D:5      | Entered Level 5 of the Dungeon
  3844 | D:5      | Reached skill level 1 in Conjurations
  3997 | D:5      | Noticed a water moccasin
  4002 | D:5      | Killed a water moccasin
  4003 | D:5      | Reached skill level 1 in Fighting
  4003 | D:5      | Reached XP level 7. HP: 38/38 MP: 3/13
  4219 | D:5      | Found a staircase to the Ecumenical Temple.
  4248 | D:5      | Reached skill level 7 in Earth Magic
  4771 | D:5      | Reached skill level 5 in Spellcasting
  4879 | D:5      | Reached XP level 8. HP: 43/43 MP: 5/15
  5589 | D:6      | Reached skill level 1 in Short Blades
  5597 | D:6      | Reached skill level 8 in Earth Magic
  6145 | D:6      | Found Cumivy's Jewellery Boutique.
  6178 | D:6      | Identified the +1 flail "Goblinbane" {speed, rN++}
  6558 | D:7      | Reached XP level 9. HP: 44/47 MP: 2/18
  6907 | D:7      | Found a glowing golden altar of the Shining One.
  7089 | D:7      | Slain by a gnoll sergeant

Illustrated notes

Levels and vault maps discovered:
D:1:      minmay_arrival_wavy_path, layout_loops_corners, minmay_liquid_box
D:2:      layout_loops_ring, shapermc_ecumenical_altar_ellora
D:3:      layout_loops_ring, grunt_temple_overflow_open
D:4:      layout_basic, hangedman_abyss_or_decor_lesser_grid,
          dreamdust_mushroom_princess
D:5:      layout_basic, minmay_temple_entry_water_ring, water_maze_lemuel
D:6:      layout_loops_ring, serial_shops, shop
D:7:      layout_cave_pools, nemelex_xobeh_ov_fountains_minmay,
          nicolae_tso_besieged_by_evil, serial_gnoll_camp, gnoll_camp_mini_hut,
          gnoll_camp_medium_01, gnoll_camp_mini_hut, gnoll_camp_mini_loothouse,
          minmay_hedge_maze, chequers_arboretum, st_stairs_14,
          grunt_ministairs_2, eino_jars

Skill      XL: |  1  2  3  4  5  6  7  8 |
---------------+-------------------------+-----
Earth Magic    | 4 5 6 7 8 |  8.9
Spellcasting   | 3 4 5 6 |  6.6
Dodging        | 2 |  2.2
Conjurations   | 1 3 4 |  4.6
Fighting       | 1 |  1.4
Stealth        | 3 |  3.7
Short Blades   | 1 |  1.6
Transmutations | |  0.7

Action                   |  1- 3 |  4- 6 |  7- 9 || total
-------------------------+-------+-------+-------++-------
Melee: Dagger            |     5 |    19 |    14 ||    38
       Punch             |       |     1 |       ||     1
 Cast: Sandblast         |    40 |    45 |    28 ||   113
       Stone Arrow       |       |    12 |    67 ||    79
  Use: Scroll            |       |    13 |     3 ||    16
       Potion            |       |       |     1 ||     1
Armor: Robe              |     5 |    12 |    22 ||    39
Dodge: Dodged            |    14 |    17 |    31 ||    62

Table legend: (Time is in decaauts)
 A = Elapsed time spent in this place.
 B = Non-inter-level travel time spent in this place.
 C = Inter-level travel time spent in this place.
 D = Time resting spent in this place.
 E = Time spent auto-exploring this place.
 F = Levels seen in this place.
 G = Mean time per level.
                   A        B        C        D        E       F      G
               +--------+--------+--------+--------+--------+-----+--------+
         Total |   7200 |   7200 |      0 |    751 |   4969 |   7 | 1028.6 |
       Dungeon |   7200 |   7200 |      0 |    751 |   4969 |   7 | 1028.6 |
               +--------+--------+--------+--------+--------+-----+--------+

Top non-repeatable levels by time:
     D:5: 1727 daAuts
     D:2: 1261 daAuts
     D:1: 1131 daAuts
     D:6: 884 daAuts
     D:7: 790 daAuts
     D:3: 712 daAuts
     D:4: 692 daAuts
